 Dungeon Crawl Stone Soup version 0.31-a0-846-gb3bcc0d938 (webtiles) character file.

Game seed: 14843151794524174976

262 CowFu the Insei (level 5, 0/45 HPs)
             Began as a Draconian Monk on Oct 4, 2023.
             Slain by a scorpion (5 damage)
             ... in an ossuary.
             The game lasted 00:03:49 (2665 turns).

CowFu the Insei (Draconian Monk)                    Turns: 2665, Time: 00:03:49

Health: 0/45       AC:  7    Str: 14    XL:     5   Next: 97%
Magic:  5/5        EV: 12    Int: 10    God:
Gold:   183        SH:  0    Dex: 15    Spells: 4/4 levels left

rFire   . .          .
                       - Unarmed
rCold   . . .        b - orb {light}
rNeg    . . .        (body armour unavailable)
rPois   .            c - +1 hat
rElec   .            (no cloak)
rCorr   .            (no gloves)
SInv    .            i - +0 pair of boots
Will    +....        (no amulet)
Stlth   +            (no ring)
HPRegen 0.27/turn    (no ring)
MPRegen 0.09/turn

%: no passive effects
@: lethally poisoned (0 -> -8), enlightened, flying, glowing
A: AC +5, unfitting armour, cold-blooded
a: no special abilities


You were in an ossuary.
You visited 1 branch of the dungeon, and saw 4 of its levels.
You also visited: Ossuary.

You collected 183 gold pieces.

Inventory:

Armour
 b - an orb of light (worn)
 c - a +1 hat (worn)
 i - a +0 pair of boots (worn)
 k - an orb of wrath
Jewellery
 e - a ring of positive energy
 f - a ring of ice
 l - a ring of resist corrosion
 t - a ring of magical power
 u - a +4 ring of protection
Scrolls
 g - a scroll of butterflies {unknown}
 p - 3 scrolls of fog {unknown}
 v - 3 scrolls of revelation {unknown}
Potions
 h - a potion of brilliance {unknown}
 j - a potion of cancellation {unknown}
 m - a potion of enlightenment
 n - a potion of invisibility {unknown}
 o - a potion of heal wounds
 q - a potion of degeneration {unknown}
 r - a potion of resistance {unknown}
 s - a potion of lignification {unknown}


   Skills:
 - Level 3.2 Fighting
 - Level 2.6 Dodging
 + Level 6.7 Unarmed Combat


You had 4 spell levels left.
You didn't know any spells.
Your spell library contained the following spells:

 Spells                   Type           Power      Damage    Failure   Level
 Apportation              Tloc           0%         N/A       36%         1
 Magic Dart               Conj           0%         1d3       36%         1
 Necrotise                Necr           0%         1d4       36%         1
 Summon Small Mammal      Summ           0%         N/A       36%         1
 Call Imp                 Summ           0%         N/A       50%         2
 Call Canine Familiar     Summ           0%         N/A       75%         3
 Mephitic Cloud           Conj/Pois/Air  0%         N/A       75%         3
 Sigil of Binding         Hex            0%         N/A       75%         3
 Dimensional Bullseye     Hex/Tloc       0%         N/A       98%         4
 Leda's Liquefaction      Hex/Erth       0%         N/A       98%         4


Dungeon Overview and Level Annotations

Branches:
Dungeon (4/15)            Ossuary (1/1)
 Temple: D:4-7

Altars:

Shops:
D:1 [


Innate Abilities, Weirdness & Mutations

Your plain brown scales are hard. (AC +5)
You cannot fit into any form of body armour.
You are cold-blooded and may be slowed by cold attacks.


Message History

The scorpion stings you but does no damage.
The scorpion zombie hits you but does no damage.
The centaur zombie hits you but does no damage.
The centaur zombie kicks you but does no damage.
It was a potion of curing.
You feel better. The scorpion barely misses you. The centaur zombie misses you.
The centaur zombie closely misses you. The scorpion zombie hits you.
You barely miss the scorpion.
The scorpion is lightly wounded.
The scorpion stings you but does no damage.
The centaur zombie closely misses you.
The centaur zombie kicks you but does no damage.
The scorpion zombie misses you. The scorpion closely misses you.
You punch the scorpion zombie!
You tail-slap the scorpion zombie, but do no damage.
The scorpion zombie is heavily damaged.
The centaur zombie hits you but does no damage.
The centaur zombie kicks you. The scorpion closely misses you.
The scorpion zombie closely misses you.
You punch the scorpion zombie!
The scorpion zombie is almost destroyed.
The centaur zombie closely misses you. x2; The scorpion stings you.
The centaur zombie hits you. The centaur zombie closely misses you.
You punch the scorpion zombie!
You destroy the scorpion zombie!
The scorpion stings you.
* * * LOW HITPOINT WARNING * * *
You are poisoned.
The scorpion poisons you!
The centaur zombie hits you but does no damage.
The centaur zombie kicks you but does no damage.
You hit the centaur zombie but do no damage.
* * * LOW HITPOINT WARNING * * *
You feel very sick. The centaur zombie hits you.
* * * LOW HITPOINT WARNING * * *
The centaur zombie kicks you.
* * * LOW HITPOINT WARNING * * *
The scorpion stings you.
You die...

#.......#...#...#...#
##8...8##############
#.......#...#??.#
#...8...'...#..!+
#...#...#...#M?!#
##########'#######+##
#.....#.....#
#.....#.s...#
#.....8.@...#
#......Z....#
#...........#
###8.....8###
...........
#...........#
#.....8.....#
+.....#.....# #.....
.....#


You could see a scorpion and a centaur zombie.

Vanquished Creatures
  A centaur zombie (Ossuary)
  A hound (D:4)
  An iguana (D:4)
  A scorpion zombie (Ossuary)
  A mummy (D:4)
  3 gnolls (D:3)
  3 adders
  2 worms
  A dart slug (D:1)
  3 orcs
  3 bats (D:3)
  7 endoplasms
  2 giant cockroaches
  6 goblins
  4 hobgoblins
  2 jackals (D:2)
  6 quokkas
  3 ball pythons
  5 frilled lizards
  3 hobgoblin zombies
  5 kobolds
  A kobold zombie (Ossuary)
  An orc zombie (Ossuary)
  4 rats
69 creatures vanquished.

Notes
Turn   | Place    | Note
-------+----------+-------------------------------------------
     0 | D:1      | CowFu the Draconian Monk began the quest for the Orb.
     0 | D:1      | Reached XP level 1. HP: 19/19 MP: 1/1
   241 | D:1      | Reached XP level 2. HP: 24/26 MP: 2/2
   365 | D:1      | Found Ehulit's Armour Shop.
   833 | D:1      | Reached skill level 4 in Unarmed Combat
   902 | D:2      | Reached XP level 3. HP: 31/31 MP: 3/3
  1842 | D:3      | Reached skill level 5 in Unarmed Combat
  1842 | D:3      | Reached XP level 4. HP: 23/38 MP: 4/4
  2420 | D:4      | Reached XP level 5. HP: 45/45 MP: 5/5
  2497 | D:4      | Reached skill level 6 in Unarmed Combat
  2519 | D:4      | Found a sand-covered staircase.
  2533 | Ossuary  | Entered an ossuary
  2665 | Ossuary  | Slain by a scorpion

Illustrated notes

Levels and vault maps discovered:
D:1:      dpeg_arrival_connections, layout_basic, serial_shops,
          nicolae_shop_window_shopping
D:2:      layout_basic
D:3:      kennysheep_big_flooded_room, layout_rooms
D:4:      layout_basic, mainiacjoe_overflow_six_doors_small,
          mainiacjoe_overflow_chevrons, nicolae_ossuary_entry_giza,
          grunt_decor_resistance, uniq_ijyb
Ossuary:  ossuary_minmay_scorpions

Skill      XL: |  1  2  3  4  5 |
---------------+----------------+-----
Unarmed Combat | 4 5 6 |  6.7
Fighting       | |  3.2
Dodging        | |  2.6

Action                     |  1- 3 |  4- 6 || total
---------------------------+-------+-------++-------
  Melee: Unarmed           |   109 |   104 ||   213
         Tailslap          |    19 |    18 ||    37
    Use: Scroll            |       |     3 ||     3
         Potion            |       |     4 ||     4
 Armour: Skin              |    62 |   116 ||   178
  Dodge: Dodged            |    64 |    98 ||   162

Table legend: (Time is in decaauts)
 A = Elapsed time spent in this place.
 B = Non-inter-level travel time spent in this place.
 C = Inter-level travel time spent in this place.
 D = Time resting spent in this place.
 E = Time spent auto-exploring this place.
 F = Levels seen in this place.
 G = Mean time per level.
                   A        B        C        D        E       F      G
               +--------+--------+--------+--------+--------+-----+--------+
         Total |   2665 |   2540 |    125 |     46 |   1887 |   5 |  533.0 |
       Dungeon |   2537 |   2412 |    125 |     46 |   1802 |   4 |  634.2 |
       Ossuary |    128 |    128 |      0 |      0 |     85 |   1 |  128.0 |
               +--------+--------+--------+--------+--------+-----+--------+

Top non-repeatable levels by time:
     D:1: 852 daAuts
     D:2: 780 daAuts
     D:3: 644 daAuts
     D:4: 260 daAuts
 Ossuary: 128 daAuts
